 Dungeon Crawl Stone Soup version 0.22.0 (webtiles) character file.

212 Gorglomux the Chopper (level 5, -9/42 HPs)
             Began as a Demonspawn Gladiator on Aug 11, 2018.
             Splashed by Ijyb's acid (13 damage)
             ... on level 3 of the Dungeon.
             The game lasted 00:01:41 (2181 turns).

Gorglomux the Chopper (Demonspawn Gladiator)        Turns: 2181, Time: 00:01:41

Health: -9/42      AC:  3    Str: 16    XL:     5   Next: 58%
Magic:  5/5        EV: 12    Int:  9    God:
Gold:   202        SH:  0    Dex: 14    Spells: 4/4 levels left

rFire    . . .     SeeInvis .   a - +0 war axe
rCold    . . .     Gourm    .   (no shield)
rNeg     . . .     Faith    .   b - +0 leather armour
rPois    .         Spirit   .   (helmet restricted)
rElec    .         Reflect  .   (no cloak)
rCorr    .         Harm     .   (no gloves)
MR       .....                  (no boots)
Stlth    +.........             (no amulet)
HPRegen  0.14/turn              (no ring)
MPRegen  0.09/turn              (no ring)

@: no status effects
A: claws 1, horns 1, spiny 1
a: no special abilities


You were on level 3 of the Dungeon.
You were not hungry.

You visited 1 branch of the dungeon, and saw 3 of its levels.

You collected 202 gold pieces.

Inventory:

Hand Weapons
 a - a +0 war axe (weapon)
Missiles
 Z - 3 throwing nets (quivered)
Armour
 b - a +0 leather armour (worn)
 c - a +0 helmet
Jewellery
 L - a +5 ring of dexterity {unknown}
Scrolls
 Q - a scroll of enchant armour {unknown}
 R - a scroll of remove curse {unknown}
 S - 2 scrolls of teleportation {unknown}
 U - 2 scrolls of random uselessness {unknown}
 W - 3 scrolls of identify {unknown}
 Y - a scroll of immolation {unknown}
Potions
 K - 2 potions of curing {unknown}
 N - a potion of heal wounds {unknown}
 O - 2 potions of magic {unknown}
 P - a potion of might {unknown}
 T - a potion of haste {unknown}
 V - a potion of degeneration {unknown}
 X - a potion of cancellation {unknown}
Comestibles
 f - 3 rations
 M - 10 chunks of flesh


   Skills:
 + Level 3.6 Fighting
 + Level 4.0 Axes
 - Level 1.7 Throwing
 + Level 2.7 Armour
 - Level 2.6 Dodging


You had 4 spell levels left.
You didn't know any spells.
Your spell library was empty.

Dungeon Overview and Level Annotations

Branches:
Dungeon (3/15)

Altars:

Annotations:
D:3 Ijyb


Innate Abilities, Weirdness & Mutations

You have sharp fingernails.
You have a pair of small horns on your head.
You are partially covered in sharp spines.


Message History

You open Ijyb but do no damage! You headbutt Ijyb!
Butt is moderately wounded!
You butt the goblin into ribbons!!!
You annihilate the goblin!!!
Ijyb hits you but does no damage! Butt hits you with a butt!
Unknown command!
Ijyb is nearby!!!
You carve Ijyb like a ham! You headbutt Ijyb, but do no damage!
Ijyb is moderately wounded!
Ijyb screams, "You nasty!!!
Big nasty!!!"
Ijyb zaps a wand!
The bolt of acid misses you!
You open Ijyb like a pillowcase!!!
Ijyb is almost dead!
Ijyb hits you with a dagger!
You slice Ijyb but do no damage! You headbutt Ijyb, but do no damage!
Ijyb is almost dead!
Ijyb closely misses you!
Ijyb zaps a wand!
The bolt of acid hits you!!! * * * don't die
* * * You are splashed with acid!!!
The acid burns!!! rip

..#####.....#####...†......
#..##...#######....†##...##
##....### #..(.........#
...#### #...†........# .#.#
.>..#...)......# .#.######
..# #..(.......#
#.......#########........#
...######.8.8.8.8)(..<...#
##.# ......!@.?$.....#
#.######......g)..).....#
#.#....#................#
##....###?...............#
#...### ..........#######
.....# .8.8.8.8..# ..##.#
########..# ..##.#
#.........# ..##.#
##....<...


You could see Ijyb.

Vanquished Creatures
  A bullfrog zombie (D:3)
  An orc priest (D:3)
  Robin (D:3)
  4 adders (D:3)
  2 dart slugs (D:1)
  5 leopard geckos
  7 orcs (D:3)
  3 bats
  5 giant cockroaches
  8 hobgoblins
  5 jackals
  A quokka (D:3)
  7 frilled lizards
  21 goblins
  5 kobolds
  14 rats
90 creatures vanquished.

Notes
Turn   | Place    | Note
-------+----------+-------------------------------------------
     0 | D:1      | Gorglomux the Demonspawn Gladiator began the quest for the Orb.
     0 | D:1      | Reached XP level 1. HP: 16/16 MP: 1/1
   277 | D:1      | Gained mutation: You have sharp fingernails. [demonic ancestry]
   277 | D:1      | Reached XP level 2. HP: 22/22 MP: 2/2
   360 | D:1      | Reached skill level 3 in Axes
   366 | D:1      | Reached skill level 1 in Armour
   474 | D:1      | Gained mutation: You are partially covered in sharp spines. [demonic ancestry]
   474 | D:1      | Reached XP level 3. HP: 26/28 MP: 3/3
  1528 | D:3      | Noticed Robin
  1537 | D:3      | Killed Robin
  1537 | D:3      | Reached XP level 4. HP: 15/34 MP: 4/4
  1541 | D:3      | Reached skill level 3 in Fighting
  1970 | D:3      | Gained mutation: You have a pair of small horns on your head. [demonic ancestry]
  1970 | D:3      | Reached XP level 5. HP: 36/41 MP: 5/5
  2172 | D:3      | Noticed Ijyb
  2173 | D:3      | Reached skill level 4 in Axes
  2181 | D:3      | Splashed by Ijyb's acid

Skill      XL: |  1  2  3  4  5 |
---------------+----------------+-----
Axes           | 3 4 |  4.0
Armour         | 1 2 |  2.7
Fighting       | 3 |  3.6
Throwing       | |  1.7
Dodging        | |  2.6

Action                   |  1- 3 |  4- 6 || total
-------------------------+-------+-------++-------
Melee: War axe           |    97 |    61 ||   158
       Headbutt          |       |     7 ||     7
 Stab: Sleeping          |     2 |       ||     2
  Eat: Chunk             |     2 |     2 ||     4
Armor: Leather armour    |    26 |    13 ||    39
Dodge: Dodged            |    56 |    44 ||   100
